 Dungeon Crawl Stone Soup version 0.21.1-1-g345015f (webtiles) character file.

65 sking99 the Magician (level 4, -7/27 HPs)
             Began as an Octopode Wizard on July 1, 2018.
             Mangled by Natasha (15 damage)
             ... on level 2 of the Dungeon.
             The game lasted 00:05:10 (1327 turns).

sking99 the Magician (Octopode Wizard)              Turns: 1327, Time: 00:05:11

Health: -7/27      AC:  1    Str:  6    XL:     4   Next: 14%
Magic:  0/9        EV: 13    Int: 21    God:
Gold:   55         SH:  0    Dex: 10    Spells: 4/9 levels left

rFire    . . .     SeeInvis .   f - +0 dagger
rCold    . . .     Gourm    .   (no shield)
rNeg     . . .     Faith    .   a - +0 hat
rPois    .         Spirit   .   (no amulet)
rElec    .         Reflect  .   (no ring)
rCorr    .         Harm     .   (no ring)
MR       .....                  (no ring)
Stlth    +++.......             (no ring)
HPRegen  0.09/turn              (no ring)
MPRegen  0.11/turn              (no ring)
                                (no ring)
                                (no ring)

@: no status effects
A: almost no armour, stealthy swim, amphibious, 8 rings, constrict 8, camouflage
1, gelatinous body 1
a: no special abilities


You were on level 2 of the Dungeon.
You were not hungry.

You visited 1 branch of the dungeon, and saw 2 of its levels.

You collected 55 gold pieces.

Inventory:

Hand Weapons
 f - a +0 dagger (weapon)
Armour
 a - a +0 hat (worn)
Scrolls
 g - a scroll of amnesia {unknown}
 h - a scroll of fog {unknown}
 i - a scroll of magic mapping {unknown}
Potions
 e - 5 potions of curing {unknown}
Books
 b - a book of Minor Magic

   Spells                             Type                      Level
   a - Magic Dart                     Conjuration                  1
   b - Blink                          Translocation                2
   c - Call Imp                       Summoning                    2
   d - Slow                           Hexes                        2
   e - Conjure Flame                  Conjuration/Fire             3
   f - Mephitic Cloud                 Conjuration/Poison/Air       3
Comestibles
 c - 3 rations


   Skills:
 - Level 2.2 Dodging
 - Level 2.6 Stealth
 + Level 3.4 Spellcasting
 - Level 2.0 Conjurations
 * Level 1.9 Summonings
 * Level 1.9 Translocations


You had 4 spell levels left.
You knew the following spells:

 Your Spells              Type           Power        Failure   Level  Hunger
a - Magic Dart            Conj           ##..         5%          1    None
b - Blink                 Tloc           N/A          9%          2    ##.....
c - Call Imp              Summ           ##......     9%          2    ##.....


Dungeon Overview and Level Annotations

Branches:
Dungeon (2/15)

Altars:

Annotations:
D:2 Natasha


Innate Abilities, Weirdness & Mutations

You cannot wear most types of armour.
You are very stealthy in the water. (Stealth+)
You are amphibious.
You can wear up to eight rings at the same time.
You can use your tentacles to constrict eight enemies at once.
Your skin changes colour to match your surroundings (Stealth+).
Your rubbery body absorbs attacks. (AC +1, EV +1)


Message History

Your crimson imp misses Natasha.
Natasha barely misses your crimson imp.
Your crimson imp hits Natasha.
Natasha claws your crimson imp!
Your crimson imp dies!
Casting: Call Imp
Confirm with . or Enter, or press ? or * to list all spells.
A beastly little devil appears in a puff of flame.
Natasha casts a spell at you. The magic dart hits you!
Natasha wildly gestures.
Natasha shimmers violently.
Natasha claws you!
* * * LOW HITPOINT WARNING * * *
Your crimson imp blinks!
You closely miss Natasha. You grab Natasha.
You squeeze Natasha, but do no damage.
Natasha is heavily wounded.
You constrict Natasha, but do no damage.
Natasha claws you!
Ouch! That really hurt!
You die...

. . .#. #.. #.#
. #.# ...
#.####..5..
########§(§h)..#
#.......h#######
...)####@# . #.#
...####.########
................
...####5#######.
#<.# #)## #.#
...


You could see Natasha and a friendly crimson imp.

Vanquished Creatures
  An adder (D:2)
  2 dart slugs (D:1)
  A leopard gecko (D:1)
  6 bats (D:1)
  3 giant cockroaches (D:1)
  4 goblins
  2 hobgoblins
  2 jackals (D:1)
  6 kobolds
  A quokka (D:2)
  3 frilled lizards (D:1)
  4 rats (D:1)
35 creatures vanquished.

Vanquished Creatures (collateral kills)
  Natasha (D:2)
  An adder (D:2)
2 creatures vanquished.

Grand Total: 37 creatures vanquished

Notes
Turn   | Place    | Note
-------+----------+-------------------------------------------
     0 | D:1      | sking99 the Octopode Wizard began the quest for the Orb.
     0 | D:1      | Reached XP level 1. HP: 11/11 MP: 4/4
   251 | D:1      | Reached XP level 2. HP: 17/17 MP: 4/6
   274 | D:1      | Learned a level 2 spell: Blink
   277 | D:1      | Learned a level 2 spell: Call Imp
   583 | D:1      | Reached XP level 3. HP: 17/21 MP: 0/7
  1139 | D:2      | Noticed Natasha
  1144 | D:2      | Killed Natasha
  1159 | D:2      | Reached XP level 4. HP: 21/27 MP: 2/9
  1312 | D:2      | Noticed Natasha
  1327 | D:2      | Mangled by Natasha

Skill      XL: |  1  2  3 |
---------------+----------+-----
Conjurations   | 2 |  2.0
Dodging        | |  2.2
Stealth        | |  2.6
Spellcasting   | |  3.4
Summonings     | |  1.9
Translocations | |  1.9

Action                   |  1- 3 |  4- 6 || total
-------------------------+-------+-------++-------
Melee: Dagger            |    12 |     4 ||    16
       Tentacles         |     4 |     1 ||     5
       Constrict         |     2 |     2 ||     4
 Cast: Magic Dart        |    67 |    11 ||    78
       Call Imp          |     1 |     3 ||     4
  Eat: Chunk             |     1 |       ||     1
Armor: Skin              |     2 |       ||     2
Dodge: Dodged            |    17 |     7 ||    24
